 Dungeon Crawl Stone Soup version 0.31-a0-1098-g6898e65 (webtiles) character file.

Game seed: 9422535472062161608

1591 DevouringOne the Ruffian (level 8, -4/68 HPs)
             Began as a Black Draconian Artificer on Nov 30, 2023.
             Was an Initiate of Gozag.
             Killed from afar by Maggie (27 damage)
             ... with a bolt of fire
             ... on level 7 of the Dungeon.
             The game lasted 00:11:32 (6195 turns).

DevouringOne the Ruffian (DrAr)                     Turns: 6195, Time: 00:11:33

Health: -4/68      AC:  6    Str: 17    XL:     8   Next: 61%
Magic:  8/8        EV: 12    Int: 11    God:    Gozag
Gold:   867        SH:  0    Dex: 12    Spells: 7/7 levels left

rFire   . .          .
                       - Unarmed
rCold   . . .        (no shield)
rNeg    . . .        (body armour unavailable)
rPois   .            (helmet currently unavailable)
rElec   +            (cloak currently unavailable)
rCorr   .            (gloves currently unavailable)
SInv    .            (boots currently unavailable)
Will    .....        (no amulet)
Stlth   +            (no ring)
HPRegen 0.31/turn    (no ring)
MPRegen 0.11/turn

%: no passive effects
@: brilliant, lit by a corona, beast-form, gold aura, attractive, glowing
A: beast (slay +3), breathe lightning, AC +6, unfitting armour, electricity
resistance, cold-blooded, stinger 1, sense surroundings 1
a: Breathe Lightning, Begin Untransformation, Renounce Religion, Potion
Petition, Call Merchant, Bribe Branch


You were on level 7 of the Dungeon.
You worshipped Gozag.
Gozag was pleased with you.
You were a hulking beast.
You visited 2 branches of the dungeon, and saw 8 of its levels.

You collected 939 gold pieces.
You paid 72 gold pieces to Gozag.

Inventory:

Missiles
 l - 3 poisoned darts
Armour
 n - a +0 pair of gloves
 t - a +2 cloak
Jewellery
 j - a ring of fire
Talismans
 b - a maw talisman
 p - a beast talisman (active)
Wands
 c - a wand of charming (3)
 d - a wand of flame (6)
Scrolls
 a - 2 scrolls of immolation
 e - a scroll of enchant weapon {unknown}
 f - 3 scrolls of teleportation
 h - 4 scrolls of vulnerability
 o - a scroll of brand weapon {unknown}
Potions
 k - 2 potions of lignification
 r - a potion of brilliance


   Skills:
 + Level 5.1 Fighting
 - Level 2.1 Dodging
 - Level 0.8 Stealth
 - Level 7.2 Unarmed Combat
 - Level 3.0 Evocations
 * Level 5.8 Shapeshifting


You had 7 spell levels left.
You didn't know any spells.
Your spell library contained the following spells:

 Spells                   Type           Power      Damage    Failure   Level
 Apportation              Tloc           0%         N/A       34%         1
 Necrotise                Necr           0%         1d4       34%         1
 Summon Small Mammal      Summ           0%         N/A       34%         1
 Blink                    Tloc           0%         N/A       47%         2
 Gell's Gravitas          Tloc           0%         N/A       71%         3
 Teleport Other           Tloc           0%         N/A       71%         3
 Manifold Assault         Tloc           0%         N/A       98%         4
 Dispersal                Tloc           0%         N/A       100%        6
 Disjunction              Tloc           0%         N/A       100%        8


Dungeon Overview and Level Annotations

Branches:
Dungeon (7/15)             Temple (1/1) D:6

Altars:
Ashenzari
Cheibriados
Dithmenos
Elyvilon
Gozag
Hepliaklqana
Kikubaaqudgha
Makhleb
Nemelex Xobeh
Okawaru
Qazlal
Sif Muna
Trog
Uskayaw
Vehumet
Wu Jian
Yredelemnul
Zin
The Shining One

Shops:
D:1 :   D:5 :

Annotations:
D:3 1 runed translucent door, Crazy Yiuf
D:7 Dowan, Duvessa, Maggie


Innate Abilities, Weirdness & Mutations

You are a hulking beast.
Your limbs bulge with bestial killing power. (Slay +3)
You can breathe wild blasts of lightning.
Your glossy black scales are hard. (AC +6)
You cannot fit into any form of body armour.
You are resistant to electric shocks. (rElec)
You are cold-blooded and may be slowed by cold attacks.
Your tail ends in a venomous barb.
You passively map a small area around you.


Message History

Aiming: Charm
Press: ? - help, Shift-Dir - straight line, f - Maggie
Aim: Maggie, wielding a +0 war axe and wearing +0 acid dragon scales (chance to affect: 56%) Nothing appears to happen.
Maggie is distracted by your dazzling golden aura.
Your sleepcap closely misses the orc.
Something hits you.
The orc hits your sleepcap with a +0 short sword.
Aiming: Charm
Press: ? - help, Shift-Dir - straight line, f/p - Maggie
Aim: Maggie, wielding a +0 war axe and wearing +0 acid dragon scales (unaware, hasn't noticed you, chance to affect: 56%)
You detect the charmed orc wizard.
Reactivating autopickup.
Your sleepcap releases spores at the orc!
The orc dies!
What are your orders? t - Creak!
Orders for allies: a - Attack new target. p - Attack previous target. r - Retreat! s - Stop attacking. g - Guard the area. f - Follow me.
Anything else - Cancel.
Gang up on whom?
Press: ? - help, Dir - move target, f/p - Maggie
Aim: Maggie, wielding a +0 war axe and wearing +0 acid dragon scales Attack!
An orc priest comes into view. It is wielding a +0 short sword.
Your orc wizard hits Maggie but does no damage.
Maggie is no longer distracted by gold.
Your orc priest calls down the wrath of Beogh upon Maggie.
Maggie is smitten.
The orc priest is attracted toward you.
You feel less wooden.
You turn into a hulking beast.
Dowan mumbles some strange words.
Dowan blinks!
Duvessa closely misses Maggie.
Maggie gestures at you while chanting. The bolt of fire hits your orc wizard!!
Your orc wizard dies!
The bolt of fire hits you!!
You die...
Your body crumbles into a pile of gold. , ,* ....##.. , , , , , ....... ...* **. ## .....# #fo

..#.##....# #.o.
.......... ...##
.........# ..o.##
.......§f###...#.oo#
.......$h$$...##.oo# ##
......e$o#...## #.####.#
,......@$$##...####..##...
,
.....o........#.##...#...
......#..#.......##...##.
.§.#.e#..#....#..##.###..
* , ..
.....##....#.......... .
...$...#..oo#........#. ,
...........{oooo......##


You could see Maggie (ally target), an orc priest, the friendly Duvessa
(charmed), a friendly sleepcap (charmed), the friendly Dowan (charmed) and a
friendly orc priest (charmed).

Vanquished Creatures
  A steam dragon (D:6)
  An orc warrior (D:4)
  An ice beast (D:6)
  2 black bears
  2 ogres (D:6)
  2 phantoms
  2 scorpions
  4 orc priests
  2 iguanas (D:6)
  7 orc wizards
  7 adders
  A shadow imp (D:6)
  A white imp (D:7)
  2 ufetubi (D:6)
  5 worms
  A dart slug (D:3)
  22 orcs
  6 ball pythons
  5 endoplasms
  2 giant cockroaches
  4 goblins
  4 hobgoblins
  5 jackals (D:3)
  5 quokkas
  6 bats
  2 frilled lizards
  6 kobolds
  3 rats
111 creatures vanquished.

Vanquished Creatures (collateral kills)
  A bullfrog (D:7)
  An orc priest (D:7)
  3 orcs (D:7)
5 creatures vanquished.

Vanquished Creatures (others)
  2 orc wizards (D:7)
  An orc (D:7)
3 creatures vanquished.

Grand Total: 119 creatures vanquished

Notes
Turn   | Place    | Note
-------+----------+-------------------------------------------
     0 | D:1      | DevouringOne the Draconian Artificer began the quest for
                  | the Orb.
     0 | D:1      | Reached XP level 1. HP: 16/16 MP: 1/1
    80 | D:1      | Reached skill level 1 in Unarmed Combat
   124 | D:1      | Found a faded altar of an unknown god.
   316 | D:1      | Reached XP level 2. HP: 20/23 MP: 2/2
   499 | D:1      | Reached skill level 2 in Unarmed Combat
   571 | D:1      | Found Ykly's Book Shop.
  1115 | D:2      | Reached XP level 3. HP: 28/28 MP: 3/3
  1289 | D:2      | Reached skill level 3 in Unarmed Combat
  1833 | D:3      | Reached XP level 4. HP: 35/35 MP: 4/4
  2039 | D:3      | Reached skill level 4 in Unarmed Combat
  2113 | D:3      | Found a runed translucent door.
  2114 | D:3      | Noticed Crazy Yiuf
  2882 | D:4      | Noticed a black bear
  2884 | D:4      | Killed a black bear
  2885 | D:4      | Reached skill level 5 in Unarmed Combat
  2885 | D:4      | Reached XP level 5. HP: 40/40 MP: 5/5
  2897 | D:4      | Noticed a phantom
  2924 | D:4      | Killed a phantom
  2925 | D:4      | Reached skill level 6 in Unarmed Combat
  2925 | D:4      | Reached XP level 6. HP: 31/47 MP: 6/6
  3162 | D:4      | Found a shimmering blue altar of Sif Muna.
  3430 | D:5      | Entered Level 5 of the Dungeon
  3442 | D:5      | Noticed an orc warrior
  3450 | D:4      | Killed an orc warrior
  3515 | D:5      | Found a burning altar of Makhleb.
  3591 | D:5      | Reached skill level 7 in Unarmed Combat
  3727 | D:5      | Found Moveuffy's Tiny Tomes.
  3954 | D:5      | Your scales start taking on a glossy black colour.
  3954 | D:5      | Reached XP level 7. HP: 40/52 MP: 7/7
  3954 | D:5      | Gained mutation: You are resistant to electric shocks.
                  | (rElec) [Black Draconian growth]
  4107 | D:5      | Reached skill level 1 in Shapeshifting
  4668 | D:6      | Found a staircase to the Ecumenical Temple.
  4691 | Temple   | Entered the Ecumenical Temple
  4701 | Temple   | Became a worshipper of Gozag Ym Sagoz the Greedy
  4965 | D:6      | Identified a scroll of acquirement
  4965 | D:6      | Acquired 544 gold pieces
  5153 | D:6      | Reached XP level 8. HP: 28/63 MP: 8/8
  5617 | D:6      | Reached skill level 5 in Shapeshifting
  5710 | D:6      | Found a snail-covered altar of Cheibriados.
  6167 | D:7      | Gained mutation: You passively map a small area around you.
                  | [potion of mutation]
  6167 | D:7      | Gained mutation: Your tail ends in a venomous barb. [potion
                  | of mutation]
  6168 | D:7      | Noticed Dowan
  6175 | D:7      | Noticed Duvessa
  6190 | D:7      | Noticed Maggie
  6192 | D:7      | Reached skill level 5 in Fighting
  6195 | D:7      | Killed from afar by Maggie

Illustrated notes

Levels and vault maps discovered:
D:1:      dpeg_arrival_simpleton_a, layout_basic, serial_shops,
          nicolae_shop_back_alley_shop,
          shapermc_ecumenical_altar_mp_ritualfount, nicolae_the_louvre
D:2:      layout_basic, serial_aquarium, aquarium_bridge_square
          [aquarium_subvault_wall, aquarium_subvault_bridge,
          aquarium_subvault_wall, aquarium_subvault_bridge], aquarium_window_1,
          aquarium_window_1, aquarium_view_2c, aquarium_view_2a, aquarium_pool_2
D:3:      layout_loops_ring, kennysheep_generic_room_4, uniq_crazy_yiuf_cottage
D:4:      layout_basic, tgw_sif
D:5:      layout_loops_cross, bloody_makhleb,
          nicolae_shop_i_like_small_books_too
D:6:      layout_loops_corners, nicolae_overflow_hidden_temple,
          minmay_temple_entry_wispy
D:7:      layout_cave_pools, uniq_pikel, uniq_duvessa, uniq_maggie
Temple:   nicolae_temple_x_marks_the_god

Skill      XL: |  1  2  3  4  5  6  7  8 |
---------------+-------------------------+-----
Unarmed Combat | 1 2 3 5 6 7 |  7.2
Shapeshifting  | 3 5 |  5.8
Fighting       | 3 5 |  5.1
Dodging        | |  2.1
Stealth        | |  0.8
Evocations     | |  3.0

Action                     |  1- 3 |  4- 6 |  7- 9 || total
---------------------------+-------+-------+-------++-------
  Melee: Mace              |   115 |   123 |     7 ||   245
         Tailslap          |    11 |    14 |    14 ||    39
         Punch             |       |     6 |     4 ||    10
         Unarmed           |       |       |    80 ||    80
  Throw: Dart              |       |    11 |     3 ||    14
Ability: Breathe Lightning |       |       |    12 ||    12
  Evoke: Wand              |     7 |    12 |    13 ||    32
    Use: Scroll            |     3 |     3 |     6 ||    12
         Potion            |       |       |     6 ||     6
   Stab: Sleeping          |     8 |       |     1 ||     9
 Armour: Skin              |    88 |    86 |   123 ||   297
  Dodge: Dodged            |    99 |    94 |    76 ||   269
   Form: Beast             |       |     1 |       ||     1

Table legend: (Time is in decaauts)
 A = Elapsed time spent in this place.
 B = Non-inter-level travel time spent in this place.
 C = Inter-level travel time spent in this place.
 D = Time resting spent in this place.
 E = Time spent auto-exploring this place.
 F = Levels seen in this place.
 G = Mean time per level.
                   A        B        C        D        E       F      G
               +--------+--------+--------+--------+--------+-----+--------+
         Total |   6285 |   6002 |    283 |    330 |   4592 |   8 |  785.6 |
       Dungeon |   6183 |   5918 |    265 |    248 |   4592 |   7 |  883.3 |
        Temple |    102 |     84 |     18 |     82 |      0 |   1 |  102.0 |
               +--------+--------+--------+--------+--------+-----+--------+

Top non-repeatable levels by time:
     D:6: 1427 daAuts
     D:5: 1106 daAuts
     D:4: 1047 daAuts
     D:2: 992 daAuts
     D:3: 873 daAuts
     D:1: 651 daAuts
  Temple: 102 daAuts
     D:7: 83 daAuts
